 Dungeon Crawl Stone Soup version 0.22.1-2-g9c5b331383 (webtiles) character file.

4725 McIrco the Carver (level 10, -5/63 HPs)
             Began as a Gargoyle Fighter on Jan 6, 2019.
             Was an Elder of Okawaru.
             Killed by divine providence
             ... invoked by an orc priest
              (11 damage)
             ... on level 8 of the Dungeon.
             The game lasted 00:16:20 (7904 turns).

McIrco the Carver (Gargoyle Fighter)                Turns: 7904, Time: 00:16:21

Health: -5/63      AC: 23    Str: 20    XL:     10   Next: 45%
Magic:  10/10      EV: 10    Int:  9    God:    Okawaru [****..]
Gold:   418        SH: 11    Dex: 12    Spells: 9/9 levels left

rFire    . . .     SeeInvis .   a - +0 long sword
rCold    + . .     Gourm    .   c - +0 shield
rNeg     + . .     Faith    .   b - +0 scale mail
rPois    ∞         Spirit   .   e - +0 helmet
rElec    +         Reflect  .   (no cloak)
rCorr    .         Harm     .   B - +0 pair of gloves (curse)
MR       .....                  C - +2 pair of boots
Stlth    ..........             (no amulet)
HPRegen  0.20/turn              g - +3 ring of protection
MPRegen  0.12/turn              w - ring of protection from cold

@: no status effects
A: negative energy resistance 1, electricity resistance, unbreathing,
petrification resistance, rot immunity, AC +7
a: Heroism, Renounce Religion


You were on level 8 of the Dungeon.
You worshipped Okawaru.
Okawaru was greatly pleased with you.
You were not hungry.

You visited 1 branch of the dungeon, and saw 8 of its levels.
You also visited: Sewer.

You collected 418 gold pieces.

Inventory:

Hand Weapons
 a - a +0 long sword (weapon)
Missiles
 E - 8 javelins (quivered)
Armour
 b - a +0 scale mail (worn)
 c - a +0 shield (worn)
 e - a +0 helmet (worn)
 B - a cursed +0 pair of gloves (worn)
 C - a +2 pair of boots (worn)
Jewellery
 g - a +3 ring of protection (left hand)
 w - a ring of protection from cold (right hand)
 x - an uncursed ring of see invisible
 y - a +3 ring of intelligence
 N - an uncursed ring of poison resistance {unknown}
Wands
 z - a wand of scattershot (7)
 L - a wand of disintegration (13)
 M - a wand of iceblast (7)
Scrolls
 i - 6 scrolls of remove curse {unknown}
 j - 2 scrolls of enchant weapon {unknown}
 n - 10 scrolls of identify {unknown}
 o - 2 scrolls of random uselessness {unknown}
 r - 3 scrolls of teleportation {unknown}
 s - 3 scrolls of amnesia {unknown}
 u - a scroll of fear {unknown}
 v - 2 scrolls of blinking {unknown}
 D - a scroll of immolation {unknown}
 F - a scroll of magic mapping {unknown}
 H - a scroll of acquirement {unknown}
 I - 2 scrolls of enchant armour {unknown}
 J - a scroll of fog {unknown}
Potions
 d - a potion of might
 h - 3 potions of brilliance {unknown}
 k - 3 potions of lignification {unknown}
 l - 2 potions of cancellation {unknown}
 m - 6 potions of curing {unknown}
 p - a potion of ambrosia {unknown}
 q - 2 potions of mutation {unknown}
 t - 2 potions of agility {unknown}
 A - a potion of degeneration {unknown}
 G - a potion of berserk rage
 K - 2 potions of flight {unknown}
 O - a potion of heal wounds {unknown}
Comestibles
 f - 12 rations


   Skills:
 + Level 7.1 Fighting
 + Level 9.1 Long Blades
 + Level 6.8 Armour
 + Level 3.0 Dodging
 + Level 1.2 Stealth
 + Level 8.5 Shields


You had 9 spell levels left.
You didn't know any spells.
Your spell library contained the following spells:

 Spells                   Type           Power        Failure   Level  Hunger
 Beastly Appendage        Tmut           #.....       94%         1    ##.....
 Sticks to Snakes         Tmut           #.......     98%         2    ###....
 Spider Form              Tmut/Pois      #.........   100%        3    ####...
 Ice Form                 Ice/Tmut       #.......     100%        4    #####..
 Blade Hands              Tmut           #.........   100%        5    ######.


Dungeon Overview and Level Annotations

Branches:
Dungeon (8/15)             Temple (0/1) D:7
   Lair: D:8-11

Altars:
Dithmenos
Fedhas
Makhleb
Okawaru
Qazlal
Ru
Sif Muna
Yredelemnul

Shops:
D:4 %

Annotations:
D:4 1 runed door, guttsta's ghost, amateur MiBe


Innate Abilities, Weirdness & Mutations

You are resistant to torment.
Your stone body is resilient. (AC +7)
You are immune to poison.
You resist negative energy. (rN+)
You are resistant to electric shocks. (rElec)
You can survive without breathing.
You are immune to petrification.
You are immune to rotting.


Message History

The two-headed ogre is almost dead.
The orc wizard gestures at you while chanting.
You easily resist.
The two-headed ogre barely misses you.
The two-headed ogre hits you but does no damage.
Unknown command.
You barely miss the two-headed ogre.
The two-headed ogre is almost dead.
The orc wizard hits you but does no damage.
The orc wizard casts a spell.
The orc wizard blinks!
Unknown command.
You slash the two-headed ogre!
You kill the two-headed ogre!
Okawaru is honoured by your kill.
Your Fighting skill increases to level 7!
Your Long Blades skill increases to level 9!
Your Dodging skill increases to level 3!
The orc priest mumbles some strange prayers to Beogh against you.
Beogh smites you!
You die...

.....#
#..#.≈≈.#
.....#
#..#.≈≈.#
.....##
#..#.≈≈.#
......#
#o.'.≈≈.#
......#
#o##.≈≈.#
......#####...
#oo#.≈≈.#
..............
#.8#.≈≈.#
####.[.....###
#D##.≈≈.#
#.......#
#@##O≈≈)#
####.......#
#§##o≈≈.#
...........#
#.(#oDo.#
...........###
#.8#.≈≈.#
.............#
#.##.≈≈.#
......####...#
#.##.≈≈.#
###...# #...#
#.##§o≈.#
#...# #...#
#..#.≈≈.#
#...# #...#
#.8#.≈≈.#


You could see a steam dragon, 2 orc priests and 2 orc wizards.

Vanquished Creatures
  A two-headed ogre (D:8)
  Joseph (D:7)
  Grinder (D:5)
  3 slime creatures (D:7)
  Sigmund (D:3)
  A wyvern (D:8)
  A hungry ghost (D:8)
  Duvessa (D:4)
  2 sky beasts
  2 ice beasts
  A necrophage (D:7)
  An ogre (D:5)
  A centaur (D:6)
  3 big kobolds
  3 bullfrogs
  Dowan (D:4)
  4 scorpions
  3 crimson imps
  4 jellies
  A gnoll shaman (D:4)
  A bullfrog skeleton (D:7)
  2 hounds (D:4)
  3 orc priests
  Ijyb (D:4)
  An iguana (D:7)
  3 orc wizards
  6 worker ants
  2 hound skeletons
  11 gnolls
  13 adders
  2 shadow imps
  24 oozes
  6 worms
  4 dart slugs
  17 leopard geckos
  26 orcs
  8 bats
  13 giant cockroaches
  10 hobgoblins
  11 jackals
  5 quokkas
  12 ball pythons
  15 frilled lizards
  A giant cockroach zombie (D:6)
  10 goblins
  13 kobolds
  A leopard gecko skeleton (D:6)
  10 rats
267 creatures vanquished.

Vanquished Creatures (others)
  9 fungi (D:7)
  5 toadstools (D:7)
14 creatures vanquished.

Grand Total: 281 creatures vanquished

Notes
Turn   | Place    | Note
-------+----------+-------------------------------------------
     0 | D:1      | McIrco the Gargoyle Fighter began the quest for the Orb.
     0 | D:1      | Reached XP level 1. HP: 14/14 MP: 1/1
    64 | D:1      | Reached XP level 2. HP: 14/19 MP: 2/2
   367 | D:1      | Reached XP level 3. HP: 12/23 MP: 3/3
   569 | D:1      | Reached skill level 2 in Long Blades
  1099 | D:2      | Reached XP level 4. HP: 25/29 MP: 4/4
  1394 | D:2      | Reached XP level 5. HP: 30/33 MP: 5/5
  1927 | D:3      | Reached skill level 3 in Long Blades
  2335 | D:3      | Noticed Sigmund
  2365 | D:3      | Killed Sigmund
  2365 | D:3      | Reached skill level 1 in Dodging
  2365 | D:3      | Reached XP level 6. HP: 21/38 MP: 6/6
  2975 | D:3      | Found a deep blue altar of Sif Muna.
  2984 | D:3      | Reached skill level 4 in Long Blades
  3350 | D:4      | Reached XP level 7. HP: 44/44 MP: 7/7
  3420 | D:4      | Noticed Duvessa
  3431 | D:4      | Noticed Dowan
  3458 | D:4      | Killed Duvessa
  3458 | D:4      | Reached skill level 5 in Shields
  3482 | D:4      | Killed Dowan
  3482 | D:4      | Reached skill level 5 in Armour
  3771 | D:4      | Noticed Ijyb
  3794 | D:4      | Killed Ijyb
  3835 | D:4      | Reached skill level 5 in Long Blades
  4031 | D:4      | Found Totypriu's Food Emporium.
  4271 | D:4      | Found a runed door.
  4326 | D:4      | Noticed guttsta's ghost (amateur MiBe)
  4413 | D:5      | Entered Level 5 of the Dungeon
  4443 | D:5      | Reached XP level 8. HP: 23/48 MP: 8/8
  4730 | D:5      | Found a basalt altar of Yredelemnul.
  4731 | D:5      | Found an iron altar of Okawaru.
  4731 | D:5      | Noticed Grinder
  4761 | D:5      | Paralysed by Grinder for 7 turns
  4777 | D:5      | Killed Grinder
  5127 | D:5      | Found a burning altar of Makhleb.
  5160 | D:5      | Became a worshipper of Warmaster Okawaru
  5306 | D:6      | Reached skill level 5 in Fighting
  5306 | D:6      | Reached skill level 6 in Long Blades
  5370 | D:6      | Reached skill level 1 in Stealth
  5406 | D:6      | Found a glowing drain.
  5437 | Sewer    | Entered a sewer
  5751 | Sewer    | Reached XP level 9. HP: 54/54 MP: 9/9
  5766 | Sewer    | Reached * piety under Okawaru
  6502 | D:7      | Found a blossoming altar of Fedhas.
  6521 | D:7      | Found a stormy altar of Qazlal.
  6537 | D:7      | Found a deep blue altar of Sif Muna.
  6546 | D:7      | Found a shadowy altar of Dithmenos.
  6556 | D:7      | Found a sacrificial altar of Ru.
  6619 | D:7      | Noticed Joseph
  6655 | D:7      | Killed Joseph
  6655 | D:7      | Reached ** piety under Okawaru
  6655 | D:7      | Reached skill level 7 in Long Blades
  6815 | D:7      | Found a staircase to the Ecumenical Temple.
  7094 | D:7      | Reached skill level 8 in Long Blades
  7120 | D:7      | Reached *** piety under Okawaru
  7144 | D:7      | Reached XP level 10. HP: 6/61 MP: 10/10
  7145 | D:7      | HP: 3/61 [acid (3)]
  7866 | D:8      | Noticed a two-headed ogre
  7904 | D:8      | Killed a two-headed ogre
  7904 | D:8      | Reached **** piety under Okawaru
  7904 | D:8      | Reached skill level 9 in Long Blades
  7904 | D:8      | Killed from afar by an orc priest

Skill      XL: |  1  2  3  4  5  6  7  8  9 10 |
---------------+-------------------------------+-----
Long Blades    | 2 3 4 5 6 8 9 |  9.1
Shields        | 4 5 6 8 |  8.5
Armour         | 4 5 6 |  6.8
Fighting       | 4 5 6 7 |  7.1
Dodging        | 1 2 3 |  3.0
Stealth        | 1 |  1.2

Action                   |  1- 3 |  4- 6 |  7- 9 | 10-12 || total
-------------------------+-------+-------+-------+-------++-------
Melee: Long sword        |   118 |   258 |   815 |   169 ||  1360
  Eat: Chunk             |       |     6 |    13 |       ||    19
       Ration            |       |     1 |       |     2 ||     3
Armor: Scale mail        |    61 |   162 |   364 |    86 ||   673
Dodge: Dodged            |    46 |    81 |   274 |    44 ||   445
Block: Shield            |    58 |   136 |   439 |    71 ||   704
       Rpst.: Long sword |    15 |    22 |    83 |    15 ||   135
